 Dungeon Crawl Stone Soup version 0.28.0-53-g5a82cb258f (webtiles) character file.

Game seed: 17866502982996190693

3547 unlimited1921 the Thaumaturge (level 10, -9/63 HPs)
             Began as a Djinni Fire Elementalist on July 16, 2022.
             Was an Initiate of Ashenzari.
             Shot with an arrow by a centaur warrior (18 damage)
             ... on level 8 of the Dungeon.
             The game lasted 00:46:17 (19710 turns).

unlimited1921 the Thaumaturge (DjFE)               Turns: 19710, Time: 00:46:17

Health: -9/63      AC: 12    Str:  7    XL:     10   Next: 30%
Gold:   326        EV: 11    Int: 20    God:    Ashenzari [......] SH:  0 Dex: 19

rFire   + + .      SeeInvis .   y - +6 hand axe "Vewnes" {flame, Dex+4}
rCold   x . .      Faith    .   (no shield)
rNeg    + . .      Spirit   .   i - +0 swamp dragon scales rPois āˆž Reflect .
                                u - +0 helmet
rElec   .          Harm     .   z - +0 cloak
rCorr   .          Rampage  .   a - +0 pair of gloves
Will    +....                   (boots unavailable)
Stlth   ++........              (no amulet)
HPRegen 0.20/turn               I - ring of positive energy
MPRegen 0.00/turn               (no ring)

@: flying
A: sickness immunity, fire resistance 2, cold vulnerability 1, float, innate
caster, HP casting, extra vitality 1
a: Renounce Religion, Curse Item


You were on level 8 of the Dungeon.
You worshipped Ashenzari.
Ashenzari was noncommittal.
You visited 2 branches of the dungeon, and saw 9 of its levels.

You collected 326 gold pieces.

Inventory:

Hand Weapons
 s - a +2 vorpal hunting sling
 y - the +6 hand axe "Vewnes" (weapon) {flame, Dex+4}
   (You found it on level 4 of the Dungeon)

   It burns those it strikes, dealing additional fire damage.
   Big, fiery blades are also staple armaments of hydra-hunters.
   Dex:       It affects your dexterity (+4).
 A - a +3 quarterstaff of chaos
 B - a +1 flail of protection
Missiles
 f - 5 javelins
 j - 232 stones
 r - 9 poisoned darts
 w - 35 bolts
 x - 41 sling bullets
Armour
 a - a +0 pair of gloves (worn)
 i - +0 swamp dragon scales (worn)
 u - a +0 helmet (worn)
 z - a +0 cloak (worn)
Jewellery
 I - a ring of positive energy (left hand)
Wands
 d - a wand of flame (11) (quivered)
 e - a wand of digging (5)
 E - a wand of charming (7)
Scrolls
 g - a scroll of fear {unknown}
 m - a scroll of brand weapon {unknown}
 o - 2 scrolls of noise {unknown}
 q - a scroll of magic mapping {unknown}
 v - a scroll of summoning {unknown}
 C - a scroll of fog {unknown}
 D - a scroll of acquirement {unknown}
 F - 2 scrolls of immolation
 G - a scroll of vulnerability {unknown}
Potions
 b - 3 potions of ambrosia {unknown}
 h - a potion of mutation {unknown}
 k - 5 potions of curing {unknown}
 l - 2 potions of lignification {unknown}
 t - 2 potions of flight {unknown}
 H - a potion of berserk rage
 J - a potion of attraction


   Skills:
 + Level 1.6 Fighting
 + Level 0.5 Axes
 + Level 0.5 Slings
 + Level 4.6 Armour
 + Level 3.0 Dodging
 + Level 3.8 Stealth
 + Level 9.8 Spellcasting


You had 5 spell levels left.
You knew the following spells:

 Your Spells              Type           Power      Damage    Failure   Level
a - Foxfire               Conj/Fire      100%       2x1d9     1%          1
b - Scorch                Fire           98%        2d10      1%          2
c - Conjure Flame         Conj/Fire      49%        6-21      1%          3
d - Inner Flame           Hex/Fire       49%        N/A       1%          3
e - Flame Wave            Conj/Fire      49%        2d10      3%          4
f - Animate Skeleton      Necr           98%        N/A       1%          1
g - Call Imp              Summ           49%        N/A       1%          2
h - Tukima's Dance        Hex            49%        N/A       1%          3
i - Animate Armour        Summ/Erth      98%        N/A       3%          4
Your spell library was empty.

Dungeon Overview and Level Annotations

Branches:
Dungeon (8/15)             Temple (1/1) D:6
   Lair: D:8-11

Altars:
Ashenzari
Cheibriados
Dithmenos
Elyvilon
Gozag
Hepliaklqana
Kikubaaqudgha
Makhleb
Nemelex Xobeh
Qazlal
Trog
Uskayaw
Vehumet
Wu Jian
Xom
Yredelemnul
Zin
The Shining One


Innate Abilities, Weirdness & Mutations

You are immune to sickness and miasma.
You are immune to poison.
Your flesh is very heat resistant. (rF++)
You are vulnerable to cold. (rC-)
You float through the air rather than walking.
You learn spells naturally, not from books.
Your magical power is your life essence.
You have superior vitality. (+4 MHP)


Message History

Aim: a centaur warrior, quivering arrows (inner flame, not susceptible)
The five-headed hydra easily resists.
The five-headed hydra completely misses you.
The five-headed hydra bites you!
The five-headed hydra bites you but does no damage.
The five-headed hydra bites you!
The five-headed hydra bites you but does no damage.
The centaur warrior wields a +0 longbow.
The centaur warrior shoots an arrow.
The arrow hits you!
Casting: Tukima's Dance (safe; 1% risk of failure)
Confirm with . or Enter, or press ? or * to list all spells.
You conjure some foxfire!
Your foxfire dissipates!
The foxfire hits the five-headed hydra!
Flame seeps out of the five-headed hydra.
The five-headed hydra is moderately wounded.
The five-headed hydra is engulfed in blazing flames.
Flame seeps out of the five-headed hydra.
Casting: Foxfire (safe; 1% risk of failure)
Confirm with . or Enter, or press ? or * to list all spells.
You conjure some foxfire!
The five-headed hydra bites you.
The five-headed hydra barely misses you.
The five-headed hydra bites you!
* * * LOW HITPOINT WARNING * * *
The five-headed hydra barely misses you.
The five-headed hydra bites you.
* * * LOW HITPOINT WARNING * * *
The centaur warrior is engulfed in blazing flames.
Flame seeps out of the centaur warrior.
The foxfire hits the centaur warrior.
Flame seeps out of the centaur warrior.
The centaur warrior is lightly wounded.
The foxfire hits the five-headed hydra!
Flame seeps out of the five-headed hydra.
The five-headed hydra is heavily wounded.
The centaur warrior is engulfed in blazing flames.
Flame seeps out of the centaur warrior.
The five-headed hydra is engulfed in blazing flames.
Flame seeps out of the five-headed hydra.
The centaur warrior shoots an arrow.
The arrow hits you!!
You die...

##.............# #...
###.##..####### #..#
#....## #.## ####.# #.#.
#.## #.#. #..# ##.#5
#######.# #....
......#.# #..#. #..@###
#.... ###.D.# ...#.#
#..####cā—‹######...#...
#......ā—‹Ā°......#.....
######.##...##.......
#.##..[.........
#.##.####... ###... ..
.## .


You could see a five-headed hydra (inner flame) and a centaur warrior (inner
flame).

Vanquished Creatures
  A two-headed ogre (D:8)
  Joseph (D:6)
  Maggie (D:7)
  A steam dragon (D:6)
  An ice beast (D:7)
  A sky beast (D:6)
  2 ogres
  2 orc warriors
  The ghost of osoart the Bolt Thrower, an amateur MiHu (D:4)
  A centaur (D:5)
  A scorpion (D:5)
  Blork the orc (D:4)
  2 bullfrogs
  A water moccasin zombie (D:5)
  A wyvern skeleton (D:6)
  2 water moccasin skeletons
  A jelly (D:6)
  2 bullfrog zombies
  2 bullfrog skeletons
  A centaur skeleton (D:6)
  A gnoll shaman (D:5)
  4 hounds
  An orc priest (D:4)
  Crazy Yiuf (D:3)
  An iguana (D:5)
  9 orc wizards
  A killer bee zombie (D:4)
  A hound skeleton (D:5)
  A mummy (D:3)
  9 gnolls
  3 adders
  A howler monkey skeleton (D:7)
  A white imp (D:7)
  An adder skeleton (D:4)
  3 worms
  8 dart slugs
  20 orcs
  6 ball pythons
  10 bats
  9 endoplasms
  3 giant cockroaches
  8 goblins
  5 hobgoblins
  5 kobolds
  4 quokkas
  8 frilled lizards
  4 rats
154 creatures vanquished.

Vanquished Creatures (collateral kills)
  A vampire (D:8)
  An orc wizard (D:4)
  A gnoll (D:3)
  An orc (D:7)
  A goblin (D:4)
  3 foxfires (D:1)
8 creatures vanquished.

Vanquished Creatures (others)
  419 foxfires
  3 fungi (D:3)
  A plant (D:2)
423 creatures vanquished.

Grand Total: 585 creatures vanquished

Notes
Turn   | Place    | Note
-------+----------+-------------------------------------------
     0 | D:1      | unlimited1921 the Djinni Fire Elementalist began the quest
                  | for the Orb.
     0 | D:1      | Reached XP level 1. HP: 15/15 MP: 0/0
   842 | D:1      | Reached XP level 2. HP: 19/21 MP: 0/0
  2869 | D:1      | Reached XP level 3. HP: 19/25 MP: 0/0
  2869 | D:1      | Learned a level 1 spell: Animate Skeleton
  2880 | D:1      | Reached skill level 3 in Spellcasting
  4203 | D:1      | You are sucked into a shaft and drop 1 floor!
  5067 | D:2      | Reached XP level 4. HP: 28/31 MP: 0/0
  5569 | D:2      | Found a faded altar of an unknown god.
  8409 | D:3      | Found a runed translucent door.
  8410 | D:3      | Noticed Crazy Yiuf
  8466 | D:3      | Found a snail-covered altar of Cheibriados.
  8471 | D:3      | Reached XP level 5. HP: 31/35 MP: 0/0
  8471 | D:3      | Learned a level 2 spell: Call Imp
  8930 | D:3      | Reached skill level 4 in Spellcasting
  9600 | D:4      | Found a broken altar of Ashenzari.
  9602 | D:4      | Noticed Blork the orc
  9613 | D:4      | Became a worshipper of Ashenzari the Shackled
  9695 | D:4      | Identified the +1 leather armour of the Unbroken {rN+ Int-3
                  | Stlth+}
  9738 | D:4      | Found a runed translucent gate.
  9738 | D:4      | Found a runed translucent gate.
  9739 | D:4      | Found a runed translucent gate.
  9741 | D:4      | Noticed osoart's ghost (amateur MiHu)
  9998 | D:4      | Identified the +6 hand axe "Vewnes" {flame, Dex+4}
 10375 | D:4      | Reached XP level 6. HP: 17/41 MP: 0/0
 11093 | D:4      | Found a basalt altar of Yredelemnul.
 11093 | D:4      | Found a hazy altar of Hepliaklqana.
 11314 | D:4      | Killed Blork the orc
 11315 | D:4      | Reached skill level 1 in Armour
 11430 | D:4      | Found a glowing golden altar of the Shining One.
 11592 | D:4      | HP: 1/41 [killer bee zombie (7)]
 11909 | D:4      | Killed osoart's ghost
 11910 | D:4      | Reached XP level 7. HP: 20/46 MP: 0/0
 11910 | D:4      | Learned a level 3 spell: Tukima's Dance
 12171 | D:3      | Killed Crazy Yiuf
 12172 | D:3      | Reached skill level 5 in Spellcasting
 12668 | D:5      | Entered Level 5 of the Dungeon
 13314 | D:5      | Reached skill level 1 in Fighting
 13493 | D:5      | Reached XP level 8. HP: 44/52 MP: 0/0
 13673 | D:5      | Reached skill level 6 in Spellcasting
 14898 | D:5      | Found a bloodstained altar of Trog.
 16082 | D:6      | Reached skill level 7 in Spellcasting
 16155 | D:6      | Reached XP level 9. HP: 53/58 MP: 0/0
 16155 | D:6      | Learned a level 4 spell: Animate Armour
 16180 | D:6      | Found a white marble altar of Elyvilon.
 16493 | D:6      | Found a staircase to the Ecumenical Temple.
 16772 | Temple   | Entered the Ecumenical Temple
 17565 | D:7      | Noticed Joseph
 17576 | D:6      | Killed Joseph
 17577 | D:6      | Reached skill level 8 in Spellcasting
 17867 | D:7      | Noticed Maggie
 17873 | D:7      | Killed Maggie
 18855 | D:8      | Noticed a two-headed ogre
 18863 | D:8      | Killed a two-headed ogre
 18864 | D:8      | Reached skill level 9 in Spellcasting
 18864 | D:8      | Reached XP level 10. HP: 48/63 MP: 0/0
 19210 | D:8      | HP: 1/63 [orc warrior/+1 hand axe of electrocution (16)]
 19698 | D:8      | Noticed a five-headed hydra
 19699 | D:8      | Noticed a centaur warrior
 19710 | D:8      | Shot with an arrow by a centaur warrior

Illustrated notes

Levels and vault maps discovered:
D:1:      eino_arrival_water_cross, layout_loops_ring
D:2:      layout_rooms, shapermc_ecumenical_altar_acropolis
D:3:      layout_basic, slow_altar_2, uniq_crazy_yiuf_cottage
D:4:      layout_basic, nicolae_ashenzari_panopticon, lemuel_crystal_altar,
          gammafunk_temple_overflow_wave, gammafunk_ghost_necromancy,
          uniq_blork_the_orc
D:5:      layout_loops_ring, mainiacjoe_overflow_alcove_1,
          kennysheep_cross_bottleneck, hangedman_decor_push,
          chequers_serial_rivers_small_a
D:6:      layout_loops_corners, elyvilon_altar_3,
          minmay_temple_entry_statues_fountains, minmay_misc_feat_alley
D:7:      layout_cave_pools, uniq_maggie, uniq_joseph
D:8:      minmay_bloctagon_deflated, layout_rooms, led_sif_book,
          gammafunk_ghost_nasty_kobolds, st_stairs_3, serial_park_tiny_pond
Temple:   jpeg_temple_clearing

Skill      XL: |  1  2  3  4  5  6  7  8  9 |
---------------+----------------------------+-----
Spellcasting   | 3 4 5 7 9 |  9.8
Stealth        | 2 3 |  3.8
Armour         | 1 2 3 4 |  4.6
Fighting       | 1 |  1.6
Dodging        | 3 |  3.0
Axes           | |  0.5
Slings         | |  0.5

Action                   |  1- 3 |  4- 6 |  7- 9 | 10-12 || total
-------------------------+-------+-------+-------+-------++-------
Melee: Mace              |       |     3 |       |       ||     3
       Hand axe          |       |    14 |    13 |     7 ||    34
       Punch             |       |       |     1 |     1 ||     2
 Fire: Hunting sling     |       |     3 |       |       ||     3
 Cast: Foxfire           |    78 |    99 |    87 |    11 ||   275
       Scorch            |       |    20 |    48 |     8 ||    76
       Call Imp          |       |     7 |    11 |     2 ||    20
       Inner Flame       |       |     7 |    35 |    12 ||    54
       Tukima's Dance    |       |       |    11 |     1 ||    12
       Conjure Flame     |       |       |     1 |       ||     1
       Animate Armour    |       |       |     2 |     3 ||     5
  Use: Scroll            |       |       |     4 |       ||     4
       Potion            |       |       |     2 |       ||     2
Armor: Robe              |     5 |     5 |       |       ||    10
       Leather armour    |       |     5 |    12 |       ||    17
       Swamp dragon scal |       |       |       |     9 ||     9
Dodge: Dodged            |    15 |    35 |    31 |    16 ||    97
